AoeStats
← SteeveBalboni

Runestones

508061902Analyzed
1v1 RM · 11d ago on Sep 20, 2026· 35m 14s· 2 players
Game mode
Random Map
Map size
Tiny (2 player)
Population
200
Speed
Normal
Resources
Standard
Victory
Conquest
Starting age
Dark Age
Ending age
Imperial Age
RankedLock teamsTeams togetherTeam positionsShared explorationLock speedFull tech treeHidden civsTurbo modeCheats
Victory
Defeat
🇸🇪 Mongols · Sweden
672
+19
🇨🇦 Lithuanians · Canada
732
-47
Andy
0:28 Loom
12:52 Feudal Age
18:58 Castle Age
17:28 Double-Bit Axe
17:25 Horse Collar
17:57 Fletching
20:12 Husbandry
20:24 Bloodlines
23:16 Forging
23:09 Town Watch
26:08 Bodkin Arrow
31:52 Padded Archer Armor
SteeveBalboni
11:06 Feudal Age
11:45 Horse Collar
14:08 Double-Bit Axe
22:16 Padded Archer Armor
22:08 Fletching
25:53 Castle Age
26:24 Town Watch
26:08 Elite Skirmisher
29:28 Loom
33:59 Pikeman
Connection lost

Rejoining the realm…

Still unreachable

The connection could not be restored.

Session expired

The server has moved on; the page needs a fresh start.